[ PARTIDA AOE2 · #506421114 ]
UnrankedMagiares vs Lithuanians
Equipo del jugador · VICT
Equipo rival · DERR
[ ANÁLISIS DE REPETICIÓN · EXTRAÍDO DE LA PARTIDA GRABADA ]
Feudal
8:03
Castillos
20:03
Imperial
34:56
| APM promedio | 60.9 |
| APM pico | 93 |
| eAPM promedio | 31.2 |
| Aldeanos / militares | 159 / 213 |
Foco
⚔️ 41.8% · 🌾 58.2%
Scout Cavalry ×107 · Cavalry Archer ×69 · Skirmisher ×14 · Trebuchet (Packed) ×11 · Monk ×7 · Mangonel ×2
Feudal
10:10
Castillos
21:32
Imperial
38:44
| APM promedio | 79.3 |
| APM pico | 151 |
| eAPM promedio | 46.9 |
| Aldeanos / militares | 170 / 222 |
Foco
⚔️ 64.8% · 🌾 35.2%
Knight ×97 · Skirmisher ×96 · Scout Cavalry ×10 · Trebuchet (Packed) ×8 · Monk ×5 · Militia ×3
Mapa de la partida
Recursos iniciales + cada clic de construcción. Líneas = muros · curvas = relieve. ◆ oro · ⬟ piedra · ● bayas · ✦ reliquia · ◌ hueco del cierre
Tu base· Abierta — hueco de 3t
Base de Mr Greed· Abierta — hueco de 3t
Terreno inicial suavizado · ◌ = hueco del cierre detectado · pasá el cursor para detalles
Inputs por minuto
— Blackheart - - Mr Greed
Build order — Blackheart
Primeras 150 de 456 acciones detectadas
| 0:00 | Encolar | Villager (Male) |
| 0:02 | Construir | House |
| 0:04 | Construir | House |
| 0:20 | Encolar | Villager (Male) |
| 0:20 | Encolar | Villager (Male) |
| 0:20 | Encolar | Villager (Male) |
| 1:26 | Encolar | Villager (Male) |
| 1:26 | Encolar | Villager (Male) |
| 1:54 | Encolar | Villager (Male) |
| 2:25 | Encolar | Villager (Male) |
| 2:28 | Encolar | Villager (Male) |
| 2:28 | Encolar | Villager (Male) |
| 2:37 | Encolar | Villager (Male) |
| 2:37 | Encolar | Villager (Male) |
| 2:41 | Construir | Lumber Camp |
| 3:36 | Encolar | Villager (Male) ×3 |
| 3:58 | Construir | House |
| 4:20 | Encolar | Villager (Male) |
| 4:57 | Construir | Mill |
| 5:28 | Encolar | Villager (Male) |
| 5:51 | Investigar | Feudal Age |
| 6:18 | Construir | Palisade Wall |
| 6:20 | Construir | Palisade Wall |
| 6:34 | Encolar | Villager (Male) |
| 6:35 | Investigar | Loom |
| 7:07 | Construir | Barracks |
| 7:44 | Construir | House |
| 8:03 | Edad | Edad Feudal |
| 8:08 | Construir | Archery Range |
| 8:21 | Encolar | Villager (Male) |
| 8:25 | Investigar | Double-Bit Axe |
| 8:39 | Encolar | Spearman |
| 8:45 | Construir | House |
| 8:50 | Encolar | Villager (Male) |
| 8:54 | Encolar | Skirmisher |
| 8:54 | Encolar | Skirmisher |
| 9:01 | Encolar | Skirmisher |
| 9:02 | Encolar | Villager (Male) |
| 9:25 | Construir | House |
| 9:32 | Encolar | Skirmisher |
| 9:32 | Encolar | Villager (Male) |
| 9:38 | Investigar | Horse Collar |
| 9:38 | Investigar | Horse Collar |
| 9:40 | Encolar | Villager (Male) |
| 9:42 | Encolar | Skirmisher |
| 10:08 | Encolar | Villager (Male) |
| 10:10 | Construir | Farm |
| 10:15 | Encolar | Skirmisher |
| 10:26 | Encolar | Villager (Male) |
| 10:31 | Encolar | Skirmisher |
| 10:34 | Construir | Palisade Wall |
| 10:35 | Construir | Palisade Wall |
| 10:37 | Construir | Palisade Wall |
| 10:40 | Encolar | Villager (Male) |
| 10:49 | Construir | Farm |
| 11:05 | Encolar | Skirmisher |
| 11:05 | Encolar | Villager (Male) |
| 11:22 | Encolar | Villager (Male) |
| 11:29 | Construir | Farm |
| 11:31 | Encolar | Skirmisher |
| 11:36 | Construir | Farm |
| 11:39 | Construir | House |
| 11:59 | Encolar | Villager (Male) |
| 12:16 | Encolar | Skirmisher |
| 12:22 | Construir | House |
| 12:22 | Construir | House |
| 12:34 | Construir | Farm |
| 12:37 | Construir | Farm |
| 12:46 | Encolar | Villager (Male) |
| 12:58 | Encolar | Spearman |
| 13:11 | Encolar | Villager (Male) |
| 13:12 | Construir | Farm |
| 13:13 | Construir | Farm |
| 13:16 | Encolar | Villager (Male) |
| 13:45 | Construir | Mining Camp |
| 14:16 | Encolar | Villager (Male) |
| 14:35 | Construir | Blacksmith |
| 14:41 | Encolar | Villager (Male) |
| 15:04 | Construir | Farm |
| 15:08 | Encolar | Villager (Male) |
| 15:21 | Investigar | Fletching |
| 15:24 | Encolar | Skirmisher |
| 15:35 | Encolar | Villager (Male) ×5 |
| 15:41 | Encolar | Skirmisher |
| 15:59 | Encolar | Skirmisher |
| 16:06 | Construir | Stable |
| 16:25 | Encolar | Villager (Male) |
| 16:38 | Construir | Farm |
| 16:40 | Construir | Farm |
| 16:41 | Construir | Farm |
| 16:46 | Construir | Farm |
| 17:23 | Investigar | Castle Age |
| 17:23 | Investigar | Castle Age |
| 17:28 | Construir | House |
| 17:34 | Construir | Farm |
| 17:37 | Encolar | Skirmisher |
| 17:54 | Encolar | Scout Cavalry |
| 18:18 | Encolar | Scout Cavalry |
| 18:38 | Investigar | Scale Barding Armor |
| 18:41 | Encolar | Villager (Male) |
| 19:00 | Construir | Farm |
| 19:02 | Construir | Lumber Camp |
| 19:09 | Encolar | Scout Cavalry |
| 19:35 | Encolar | Scout Cavalry |
| 20:03 | Edad | Edad de los Castillos |
| 20:08 | Construir | Town Center |
| 20:11 | Construir | Monastery |
| 20:12 | Investigar | Light Cavalry (upgrade) |
| 20:16 | Investigar | Bodkin Arrow |
| 20:28 | Encolar | Villager (Male) |
| 20:30 | Construir | House |
| 20:43 | Encolar | Villager (Male) |
| 20:45 | Investigar | Bow Saw |
| 20:58 | Encolar | Monk |
| 20:58 | Encolar | Monk |
| 21:00 | Encolar | Villager (Male) |
| 21:01 | Construir | House |
| 21:02 | Construir | House |
| 21:12 | Investigar | Bloodlines |
| 21:19 | Encolar | Villager (Male) |
| 21:32 | Construir | Mill |
| 21:42 | Encolar | Villager (Male) ×2 |
| 22:02 | Construir | Siege Workshop |
| 22:04 | Encolar | Scout Cavalry |
| 22:05 | Encolar | Villager (Male) |
| 22:20 | Encolar | Villager (Male) ×2 |
| 22:20 | Construir | House |
| 22:21 | Construir | House |
| 22:29 | Investigar | Town Watch |
| 22:33 | Construir | Farm |
| 22:34 | Construir | Farm |
| 22:35 | Encolar | Mangonel |
| 22:44 | Encolar | Villager (Male) |
| 22:49 | Encolar | Villager (Male) |
| 22:57 | Construir | Farm |
| 23:04 | Encolar | Scout Cavalry |
| 23:12 | Encolar | Villager (Male) |
| 23:21 | Encolar | Villager (Male) |
| 23:32 | Encolar | Villager (Male) |
| 23:35 | Encolar | Monk |
| 23:47 | Encolar | Villager (Male) ×2 |
| 23:52 | Construir | Town Center |
| 24:00 | Encolar | Villager (Male) |
| 24:03 | Construir | House |
| 24:03 | Construir | House |
| 24:08 | Encolar | Villager (Male) |
| 24:12 | Construir | Farm |
| 24:13 | Construir | Farm |
| 24:15 | Construir | Farm |
| 24:18 | Construir | Farm |
Build order — Mr Greed
Primeras 150 de 619 acciones detectadas
| 0:01 | Encolar | Villager (Male) |
| 0:01 | Encolar | Villager (Male) |
| 0:02 | Encolar | Villager (Male) |
| 0:02 | Encolar | Villager (Male) |
| 0:05 | Construir | House |
| 0:07 | Construir | House |
| 0:11 | Encolar | Villager (Male) |
| 0:12 | Encolar | Villager (Male) |
| 0:12 | Encolar | Villager (Male) |
| 1:31 | Encolar | Villager (Male) |
| 1:32 | Encolar | Villager (Male) |
| 2:01 | Construir | Lumber Camp |
| 2:02 | Encolar | Villager (Male) |
| 2:02 | Encolar | Villager (Male) |
| 2:20 | Encolar | Villager (Male) |
| 2:36 | Encolar | Villager (Male) |
| 2:36 | Encolar | Villager (Male) |
| 3:03 | Encolar | Villager (Male) |
| 3:03 | Encolar | Villager (Male) |
| 3:27 | Construir | House |
| 3:31 | Encolar | Villager (Male) |
| 3:31 | Encolar | Villager (Male) |
| 4:06 | Encolar | Villager (Male) |
| 4:07 | Encolar | Villager (Male) |
| 4:33 | Construir | Barracks |
| 4:44 | Encolar | Villager (Male) |
| 5:09 | Construir | House |
| 5:30 | Encolar | Militia |
| 5:30 | Encolar | Militia |
| 5:36 | Encolar | Villager (Male) |
| 5:37 | Construir | House |
| 6:10 | Encolar | Militia |
| 6:31 | Construir | Mill |
| 6:32 | Encolar | Villager (Male) |
| 7:02 | Encolar | Villager (Male) |
| 7:19 | Construir | Palisade Wall |
| 7:21 | Construir | Palisade Wall |
| 7:26 | Investigar | Loom |
| 7:42 | Construir | Palisade Wall |
| 7:45 | Construir | Palisade Wall |
| 7:45 | Construir | Palisade Wall |
| 8:00 | Investigar | Feudal Age |
| 8:39 | Construir | Mining Camp |
| 9:08 | Construir | Palisade Wall |
| 9:09 | Construir | Palisade Wall |
| 9:41 | Construir | Palisade Wall |
| 10:09 | Encolar | Villager (Male) |
| 10:10 | Edad | Edad Feudal |
| 10:16 | Construir | Archery Range |
| 10:17 | Investigar | Double-Bit Axe |
| 10:18 | Investigar | Horse Collar |
| 10:19 | Investigar | Man-at-Arms (upgrade) |
| 10:20 | Investigar | Man-at-Arms (upgrade) |
| 10:32 | Construir | House |
| 10:37 | Encolar | Villager (Male) |
| 10:49 | Encolar | Villager (Male) |
| 11:04 | Encolar | Villager (Male) |
| 11:06 | Encolar | Skirmisher |
| 11:07 | Encolar | Skirmisher |
| 11:08 | Construir | House |
| 11:31 | Encolar | Villager (Male) |
| 11:34 | Construir | Farm |
| 11:35 | Construir | Farm |
| 11:38 | Encolar | Skirmisher |
| 11:51 | Encolar | Skirmisher |
| 11:52 | Encolar | Villager (Male) |
| 12:03 | Construir | Palisade Wall |
| 12:09 | Encolar | Villager (Male) |
| 12:10 | Encolar | Skirmisher |
| 12:10 | Encolar | Villager (Male) |
| 12:23 | Construir | Farm |
| 12:25 | Construir | Farm |
| 12:40 | Construir | Farm |
| 12:52 | Encolar | Villager (Male) |
| 12:52 | Encolar | Skirmisher |
| 13:08 | Construir | Farm |
| 13:16 | Construir | House |
| 13:19 | Encolar | Skirmisher |
| 13:50 | Construir | Blacksmith |
| 13:54 | Encolar | Villager (Male) |
| 13:59 | Encolar | Skirmisher |
| 14:02 | Encolar | Villager (Male) |
| 14:09 | Construir | House |
| 14:24 | Encolar | Villager (Male) |
| 14:27 | Construir | Farm |
| 14:34 | Investigar | Fletching |
| 14:37 | Construir | House |
| 14:41 | Encolar | Skirmisher |
| 14:41 | Encolar | Villager (Male) |
| 14:55 | Encolar | Skirmisher |
| 15:05 | Construir | Farm |
| 15:06 | Encolar | Villager (Male) |
| 15:22 | Encolar | Villager (Male) |
| 15:38 | Encolar | Villager (Male) |
| 15:38 | Encolar | Villager (Male) |
| 15:46 | Encolar | Skirmisher |
| 15:46 | Encolar | Skirmisher |
| 15:46 | Encolar | Villager (Male) |
| 16:05 | Encolar | Villager (Male) |
| 16:32 | Encolar | Villager (Male) |
| 16:35 | Construir | Farm |
| 16:36 | Construir | Farm |
| 16:37 | Construir | Farm |
| 16:38 | Construir | Farm |
| 16:39 | Construir | Farm |
| 16:46 | Construir | Farm |
| 16:55 | Encolar | Spearman |
| 17:15 | Encolar | Villager (Male) |
| 17:20 | Encolar | Villager (Male) |
| 17:25 | Encolar | Villager (Male) |
| 17:26 | Construir | Farm |
| 17:28 | Construir | Farm |
| 17:29 | Construir | Farm |
| 17:31 | Construir | Farm |
| 17:31 | Construir | Farm |
| 17:41 | Encolar | Skirmisher |
| 17:41 | Encolar | Skirmisher |
| 17:59 | Construir | Market |
| 18:04 | Encolar | Skirmisher |
| 18:13 | Construir | Farm |
| 18:15 | Construir | House |
| 18:32 | Encolar | Villager (Male) |
| 18:52 | Investigar | Castle Age |
| 18:52 | Investigar | Castle Age |
| 19:07 | Encolar | Spearman |
| 19:19 | Construir | Palisade Wall |
| 19:21 | Construir | House |
| 19:22 | Construir | Palisade Wall |
| 19:39 | Construir | Stable |
| 20:06 | Encolar | Spearman |
| 20:17 | Investigar | Scale Barding Armor |
| 20:19 | Investigar | Gold Mining |
| 20:19 | Investigar | Gold Mining |
| 20:28 | Construir | House |
| 20:29 | Construir | Palisade Wall |
| 20:36 | Construir | Stable |
| 20:41 | Investigar | Bloodlines |
| 21:12 | Construir | Palisade Wall |
| 21:13 | Construir | Palisade Wall |
| 21:17 | Encolar | Villager (Male) |
| 21:32 | Edad | Edad de los Castillos |
| 21:34 | Encolar | Knight |
| 21:35 | Encolar | Knight |
| 21:57 | Encolar | Knight |
| 22:00 | Construir | Monastery |
| 22:02 | Encolar | Villager (Male) |
| 22:03 | Encolar | Villager (Male) |
| 22:14 | Investigar | Bow Saw |
| 22:21 | Investigar | Husbandry |
| 22:25 | Encolar | Knight |
Cronología de la partida
| 4:33 | Mr Greed · first_building Barracks |
| 6:18 | Blackheart · wall_segment Palisade Wall x1 |
| 6:20 | Blackheart · wall_segment Palisade Wall x1 |
| 7:07 | Blackheart · first_building Barracks |
| 7:19 | Mr Greed · wall_segment Palisade Wall x1 |
| 7:21 | Mr Greed · wall_segment Palisade Wall x1 |
| 7:42 | Mr Greed · wall_segment Palisade Wall x1 |
| 7:45 | Mr Greed · wall_segment Palisade Wall x1 |
| 7:45 | Mr Greed · wall_segment Palisade Wall x1 |
| 8:03 | Blackheart · age_up feudal |
| 8:08 | Blackheart · first_building Archery Range |
| 9:08 | Mr Greed · wall_segment Palisade Wall x1 |
| 9:09 | Mr Greed · wall_segment Palisade Wall x1 |
| 9:41 | Mr Greed · wall_segment Palisade Wall x1 |
| 10:10 | Mr Greed · age_up feudal |
| 10:16 | Mr Greed · first_building Archery Range |
| 10:34 | Blackheart · wall_segment Palisade Wall x1 |
| 10:35 | Blackheart · wall_segment Palisade Wall x1 |
| 10:37 | Blackheart · wall_segment Palisade Wall x1 |
| 12:03 | Mr Greed · wall_segment Palisade Wall x1 |
| 16:06 | Blackheart · first_building Stable |
| 18:51 | Mr Greed · first_market_sell 100 wood |
| 19:19 | Mr Greed · wall_segment Palisade Wall x1 |
| 19:22 | Mr Greed · wall_segment Palisade Wall x2 |
| 19:39 | Mr Greed · first_building Stable |
| 20:03 | Blackheart · age_up castle |
| 20:11 | Blackheart · first_building Monastery |
| 20:29 | Mr Greed · wall_segment Palisade Wall x1 |
| 21:12 | Mr Greed · wall_segment Palisade Wall x1 |
| 21:13 | Mr Greed · wall_segment Palisade Wall x1 |
| 21:32 | Mr Greed · age_up castle |
| 22:00 | Mr Greed · first_building Monastery |
| 22:02 | Blackheart · first_building Siege Workshop |
| 28:35 | Mr Greed · first_market_buy 100 stone |
| 28:50 | Blackheart · wall_segment Palisade Wall x1 |
| 28:51 | Blackheart · wall_segment Palisade Wall x1 |
| 28:52 | Blackheart · wall_segment Palisade Wall x1 |
| 28:56 | Blackheart · wall_segment Palisade Wall x1 |
| 28:58 | Blackheart · wall_segment Palisade Wall x1 |
| 31:43 | Blackheart · first_market_buy 100 stone |
| 31:55 | Blackheart · first_building Castle |
| 32:35 | Blackheart · wall_segment Palisade Wall x1 |
| 32:46 | Blackheart · wall_segment Palisade Wall x1 |
| 33:01 | Blackheart · wall_segment Palisade Wall x1 |
| 33:02 | Blackheart · wall_segment Palisade Wall x1 |
| 33:05 | Mr Greed · first_building Castle |
| 33:07 | Blackheart · wall_segment Palisade Wall x1 |
| 33:16 | Blackheart · wall_segment Palisade Wall x1 |
| 33:17 | Blackheart · wall_segment Palisade Wall x1 |
| 34:56 | Blackheart · age_up imperial |
| 35:04 | Blackheart · first_market_sell 100 food |
| 35:10 | Mr Greed · wall_segment Stone Wall x14 |
| 35:15 | Mr Greed · wall_segment Stone Wall x9 |
| 36:33 | Mr Greed · wall_segment Stone Wall x2 |
| 36:35 | Mr Greed · wall_segment Stone Wall x8 |
| 38:08 | Blackheart · wall_segment Stone Wall x1 |
| 38:44 | Mr Greed · age_up imperial |
| 46:26 | Mr Greed · resign |
[ ANÁLISIS IA · 1 CRÉDITO ]
¿Qué pasó realmente en esta partida?
Wolo.gg analiza cada decisión: build order, eco, micro, errores típicos por bracket. Análisis personalizado por WhatsApp o Discord en 30 segundos.
Guía civ
Magiares
Perfil
Jugador #6440047